Map: Lightshade LE

Players

Solar

  • Race: Zerg Zerg
  • League: Grandmaster
  • Spawn Location: 5:00

Maru - Winner!

  • Race: Terran Terran
  • League: Master
  • Spawn Location: 11:00

Event: TSL 6

VOD

Have the link to the VOD?

Description

Time

  • Played on: Dec. 19, 2020, 3:16 a.m.
  • Length: 11:06

All games in this series

Show
View Real Time Build Order
Export as new Build Order

Solar Zerg 

Build Orders: Hatch First 

Get SALT Encoding   

  12  0:00  Drone  
  13  0:12  Overlord  
  13  0:17  Drone  
  14  0:30  Drone  
  14  0:31  Drone  
  16  0:47  Hatchery  
  15  0:50  Drone  
  15  0:54  Drone  
  15  0:57  Drone  
  18  1:09  Extractor  
  17  1:12  Spawning Pool  
  17  1:15  Drone  
  17  1:19  Drone  
  18  1:28  Drone  
  19  1:39  Drone  
  20  1:50  Drone  
  21  1:59  Queen x2  
  21  2:00  Zergling x4  
  27  2:14  Hatchery  
  26  2:17  Overlord  
  26  2:21  Drone  
  27  2:26  Drone  
  28  2:36  Drone x2  
  30  2:39  Extractor  
  30  2:41  Queen  
  32  2:44  Metabolic Boost  
  32  2:48  Overlord  
  32  2:52  Drone  
  32  2:54  Drone  
  32  2:56  Drone  
  32  2:58  Drone  
  36  3:08  Zergling x2  
  36  3:09  Drone  
  36  3:11  Drone x3  
  41  3:14  Zergling x2  
  42  3:21  Spore Crawler  
  42  3:24  Overlord  
  42  3:26  Drone  
  43  3:27  Queen  
  43  3:32  Queen  
  48  3:34  Drone  
  48  3:36  Drone  
  48  3:41  Drone  
  50  3:42  Drone  
  50  3:43  Drone  
  50  3:44  Drone  
  50  3:46  Zergling x2  
  50  3:48  Drone x2  
  55  3:50  Overlord  
  55  3:53  Zergling x2  
  56  4:01  Drone  
  57  4:03  Overlord  
  57  4:07  Overlord  
  57  4:08  Queen  
  59  4:10  Drone x2  
  59  4:11  Drone  
  62  4:17  Overlord  
  62  4:18  Drone  
  62  4:19  Overlord, Drone  
  62  4:21  Overlord  
  62  4:23  Drone  
  65  4:25  Drone  
  65  4:28  Evolution Chamber  
  65  4:30  Overlord  
  65  4:35  Zergling x6  
  68  4:41  Zergling x2, Extractor  
  68  4:43  Queen  
  70  4:46  Zergling x8, Drone  
  70  4:49  Drone x3  
  70  4:50  Zergling x2  
  79  4:55  Zergling x2  
  79  4:56  Zerg Ground Armor Level 1  
  79  4:58  Overlord  
  79  5:01  Zergling x2  
  79  5:03  Spore Crawler  
  78  5:09  Zergling x4  
  78  5:10  Drone  
  78  5:11  Zergling x6, Baneling Nest  
  78  5:13  Queen  
  86  5:16  Zergling x2  
  86  5:17  Zergling x4  
  86  5:19  Zergling x8  
  93  5:22  Overlord  
  93  5:27  Drone  
  94  5:29  Drone  
  94  5:32  Drone  
  94  5:34  Lair  
  94  5:35  Zergling x2  
  91  5:38  Overlord  
  91  5:39  Overlord  
  91  5:40  Drone x2  
  89  5:43  Drone  
  89  5:49  Drone  
  89  5:50  Extractor  
  89  5:51  Extractor  
  89  5:53  Zergling x14  
  89  5:55  Baneling x5  
  89  5:56  Baneling  
  94  5:57  Overlord  
  94  6:01  Extractor, Drone  
  95  6:04  Drone  
  95  6:07  Drone x3  
  95  6:08  Drone  
  99  6:13  Baneling x2  
  99  6:16  Drone x2  
  99  6:17  Drone  
  102  6:18  Drone  
  102  6:19  Zergling x2  
  102  6:20  Zergling x2  
  105  6:28  Zergling x4  
  105  6:32  Zergling x2  
  105  6:36  Drone  
  103  6:40  Drone x2  
  103  6:41  Drone x5  
  103  6:42  Spore Crawler  
  103  6:43  Centrifical Hooks  
  103  6:46  Drone  
  106  6:50  Zerg Melee Weapons Level 1, Pneumatized Carapace, Overseer  
  106  6:52  Hatchery  
  105  6:56  Zergling x10, Spore Crawler  
  105  7:01  Zergling x4, Baneling x2  
  111  7:02  Baneling x4  
  111  7:08  Zergling x2  
  112  7:10  Overlord  
  112  7:11  Zergling x8  
  112  7:15  Zergling x8  
  120  7:16  Zergling x4  
  120  7:21  Drone x2  
  124  7:26  Evolution Chamber  
  124  7:28  Hydralisk Den, Drone  
  123  7:32  Drone x2, Overseer  
  123  7:37  Drone  
  126  7:39  Overlord  
  126  7:41  Zergling x4  
  121  7:46  Drone x2  
  121  7:48  Drone x5  
  121  7:50  Drone x2  
  121  7:51  Zerg Ground Armor Level 2  
  109  8:00  Drone x2  
  109  8:02  Drone  
  109  8:05  Drone  
  107  8:07  Drone x2  
  107  8:08  Drone  
  107  8:09  Drone  
  107  8:10  Drone x2  
  113  8:14  Drone x3  
  113  8:17  Drone x2  
  116  8:20  Drone  
  116  8:23  Drone x2  
  113  8:29  Drone x3  
  113  8:31  Drone  
  117  8:36  Grooved Spines  
  117  8:37  Hydralisk x2  
  117  8:40  Hydralisk  
  123  8:42  Drone  
  123  8:43  Drone  
  125  8:50  Zergling x12  
  125  8:54  Hydralisk x2  
  135  9:02  Zergling x6  
  108  9:05  Zergling x10  
  108  9:08  Zergling x2  
  108  9:09  Zergling x4  
  105  9:12  Hydralisk x2  
  105  9:16  Zergling x6  
  108  9:18  Zergling x2, Overseer  
  108  9:21  Zergling x4  
  108  9:23  Zergling x2  
  105  9:25  Zergling x2  
  105  9:27  Zergling x4  
  105  9:29  Zergling x4  
  107  9:31  Zergling x4  
  107  9:35  Hydralisk  
  107  9:38  Hydralisk x2  
  110  9:42  Baneling x7  
  110  9:43  Baneling  
  114  9:47  Muscular Augments  
  114  9:50  Hydralisk x2  
  118  9:54  Zergling x8  
  118  9:58  Zergling x4  
  117  10:01  Hydralisk  
  117  10:02  Hydralisk  
  117  10:04  Zergling x2  
  122  10:07  Zergling x4  
  122  10:11  Zergling x4  
  126  10:18  Hydralisk x3  
  124  10:21  Zergling x2  
  124  10:22  Zergling x2  
  126  10:28  Baneling x3  
  126  10:29  Baneling x9  
  126  10:31  Zergling x2  
  126  10:32  Baneling  
  126  10:33  Baneling x4  
  126  10:34  Baneling  
  128  10:35  Zergling x2  
  128  10:36  Baneling  
  128  10:37  Baneling x2  
  128  10:38  Zergling x2  
  129  10:43  Baneling x8  
  129  10:47  Baneling x7  
Show
View Real Time Build Order
Export as new Build Order

Maru Terran - Winner!

Build Orders: Reaper Expand 

Get SALT Encoding   

  12  0:00  SCV  
  13  0:12  SCV  
  14  0:17  Supply Depot  
  14  0:24  SCV  
  15  0:38  SCV  
  15  0:39  Barracks  
  16  0:43  Refinery  
  16  0:50  SCV  
  17  1:02  SCV  
  18  1:15  SCV  
  19  1:26  Reaper  
  19  1:27  Orbital Command  
  20  1:38  Command Center  
  20  1:49  Supply Depot  
  20  1:52  SCV  
  21  1:58  Reaper  
  22  2:04  SCV  
  22  2:06  Barracks  
  23  2:16  SCV  
  23  2:22  Refinery  
  24  2:28  SCV  
  25  2:34  Barracks Reactor  
  25  2:40  SCV  
  25  2:43  Factory  
  26  2:50  Orbital Command  
  26  2:52  SCV  
  26  2:53  Barracks Tech Lab  
  27  3:05  Command Center  
  27  3:06  SCV  
  27  3:12  Marine x2  
  28  3:13  Marine  
  31  3:21  SCV  
  31  3:24  Stimpack  
  31  3:25  SCV  
  33  3:31  Marine x3  
  36  3:35  SCV  
  36  3:39  Starport  
  37  3:41  Factory Reactor  
  37  3:49  SCV x2  
  37  3:52  Supply Depot  
  37  3:53  Marine x2  
  37  3:54  Marine  
  42  4:01  SCV  
  43  4:03  SCV  
  44  4:11  Marine x2  
  44  4:14  SCV, Marine  
  44  4:15  Supply Depot  
  48  4:18  Orbital Command  
  48  4:20  Hellion  
  48  4:23  Hellion  
  52  4:26  Medivac  
  52  4:27  SCV  
  52  4:29  SCV  
  56  4:35  Marine x3  
  59  4:40  Armory  
  59  4:42  Supply Depot, SCV  
  60  4:48  Hellion x2  
  64  4:54  SCV x2  
  64  4:55  Marine x3  
  64  4:56  Orbital Command  
  64  4:58  Starport Reactor  
  69  5:01  Factory  
  69  5:07  Supply Depot  
  69  5:13  Marine x2  
  71  5:14  SCV  
  71  5:17  Hellion x2, Marine  
  71  5:19  SCV  
  78  5:26  SCV x2  
  79  5:30  Supply Depot  
  79  5:31  Marine x2  
  79  5:34  SCV  
  74  5:38  SCV  
  75  5:48  SCV x2  
  67  5:50  Factory Tech Lab, SCV  
  67  5:51  Widow Mine x2  
  67  5:52  Medivac x2  
  76  6:00  SCV x2  
  76  6:02  SCV  
  76  6:03  Engineering Bay  
  76  6:04  Engineering Bay  
  79  6:06  Refinery x2  
  79  6:10  Drilling Claws  
  79  6:14  Widow Mine x3  
  79  6:15  SCV x3  
  88  6:21  Supply Depot  
  88  6:27  SCV x3  
  90  6:36  Terran Infantry Weapons Level 1  
  90  6:38  Terran Infantry Armor Level 1  
  90  6:39  SCV x2  
  90  6:40  SCV  
  90  6:43  Widow Mine x3  
  90  6:46  Supply Depot  
  96  6:51  SCV x2  
  96  6:52  SCV  
  99  6:56  Medivac  
  99  6:57  Marine  
  99  6:58  Marine x2  
  104  7:03  SCV x2  
  104  7:04  SCV  
  107  7:08  Combat Shield  
  107  7:10  Widow Mine x3  
  107  7:15  Supply Depot, SCV, Marine x2  
  113  7:16  SCV  
  117  7:26  Barracks  
  117  7:27  Barracks  
  117  7:28  Barracks  
  117  7:36  Widow Mine x2, SCV x2, Marine x2  
  125  7:45  Widow Mine  
  121  7:53  Marine  
  121  7:58  Medivac, Widow Mine  
  124  8:02  Medivac, Marine  
  124  8:03  Supply Depot  
  124  8:04  Supply Depot, Widow Mine  
  125  8:05  Supply Depot  
  125  8:18  Command Center  
  125  8:24  SCV, Siege Tank, Marine x2  
  125  8:25  Widow Mine  
  125  8:26  Barracks Reactor x2, Widow Mine  
  125  8:27  Barracks Reactor  
  133  8:28  Medivac  
  133  8:30  SCV x2  
  133  8:31  Refinery x2  
  135  8:36  Terran Infantry Weapons Level 2  
  135  8:37  SCV  
  135  8:39  Marine  
  137  8:42  Marine x2  
  137  8:44  SCV x2  
  137  8:46  Widow Mine  
  137  8:47  Widow Mine  
  143  8:57  Widow Mine, Marine  
  143  9:00  Marine x2  
  138  9:04  Marine x2  
  138  9:05  Marine x2  
  138  9:08  Widow Mine  
  138  9:09  Widow Mine  
  128  9:10  Medivac, SCV  
  128  9:13  SCV  
  128  9:15  SCV, Marine  
  125  9:18  Marine x2  
  125  9:20  Marine  
  125  9:23  Marine  
  125  9:24  Marine x3  
  124  9:25  Widow Mine  
  124  9:27  Medivac  
  124  9:29  Widow Mine  
  129  9:32  SCV x2  
  129  9:33  Marine  
  129  9:35  Marine  
  129  9:37  Marine  
  129  9:38  Marine x2  
  133  9:39  Factory  
  133  9:40  Medivac  
  133  9:41  Marine x2  
  137  9:46  Marine x2  
  137  9:48  Widow Mine x2  
  143  9:54  Marauder  
  141  10:00  Marine x4  
  141  10:03  Planetary Fortress  
  141  10:07  SCV x3  
  141  10:09  Siege Tank  
  141  10:12  Supply Depot  
  145  10:15  Marauder  
  145  10:20  Marine  
  145  10:21  Marine x4  
  152  10:27  Widow Mine x2, Marine  
  152  10:28  Marine x2  
  149  10:30  Factory Tech Lab  
  151  10:36  Barracks  
  151  10:37  Barracks, Marauder  
  151  10:39  Barracks  
  156  10:46  Marine  
  156  10:47  Marine x2  
Tags
 
Add a new tag
Caveats
  • Supply blocks, unpowered buildings, or Contaminate may cause inaccurate times.
  • Supply counts are checked every 10 seconds.